 Dungeon Crawl Stone Soup version 0.28-a0-909-g796cbd3a86 (webtiles) character file.

Game seed: 12860944543313583452

7205 tilp the Frost Mage (level 10, -23/44 HPs)
             Began as a Felid Ice Elementalist on Nov 23, 2021.
             Was the Champion of Okawaru.
             Annihilated by a centaur (26 damage)
             ... on level 9 of the Dungeon on Nov 24, 2021.
             The game lasted 00:28:16 (15062 turns).

tilp the Frost Mage (Felid Ice Elementalist)       Turns: 15062, Time: 00:28:16

Health: -23/44     AC:  2    Str:  4    XL:     10   Next: 87%
Magic:  20/20      EV: 21    Int: 28    God:    Okawaru [******]
Gold:   545        SH:  0    Dex: 16    Spells: 8/21 levels left
                                        Lives:  0   Deaths: 3

rFire   . . .      SeeInvis +     - Unarmed
rCold   x . .      Faith    .   (shield unavailable)
rNeg    + . .      Spirit   .   (armour unavailable)
rPois   .          Reflect  .   (helmet unavailable)
rElec   .          Harm     .   (cloak unavailable)
rCorr   .          Rampage  .   (gloves unavailable)
Will    +....                   (boots unavailable)
Stlth   ++++......              e - amulet of magic regeneration
HPRegen 0.14/turn               l - ring of Psychosis {rC- rN+ Int+7 Slay+6 SInv}
MPRegen 0.42/turn               (no ring)

@: lethally poisoned (-23 -> -46), quick
A: very small, claws 1, fangs 3, see invisible, speed 1, shaggy fur 2, stealthy
paws, no weapons or thrown items, no armour, multi-lived
a: Renounce Religion, Heroism, Finesse, Duel


You were on level 9 of the Dungeon.
You worshipped Okawaru.
Okawaru was exalted by your worship.
You visited 1 branch of the dungeon, and saw 9 of its levels.

You collected 545 gold pieces.

Inventory:

Jewellery
 e - an amulet of magic regeneration (around neck)
 l - the ring of Psychosis (left paw) {rC- rN+ Int+7 Slay+6 SInv}
   (You acquired it on level 5 of the Dungeon)

   [ring of positive energy]

   Int:       It affects your intelligence (+7).
   Slay:      It affects your accuracy & damage with ranged weapons and melee
   (+6).
   rC:        It makes you vulnerable to cold.
   rN:        It protects you from negative energy.
   SInv:      It lets you see invisible.
 t - the amulet "Gofiricvei" {RegenMP rCorr Str+3 Dex+3}
   (You found it on level 9 of the Dungeon)

   [amulet of magic regeneration]

   It increases your rate of magic regeneration.
   Str:       It affects your strength (+3).
   Dex:       It affects your dexterity (+3).
   rCorr:     It protects you from acid and corrosion.
Wands
 d - a wand of digging (1)
 h - a wand of flame (29)
 p - a wand of iceblast (19)
Scrolls
 c - 2 scrolls of amnesia
 f - 2 scrolls of teleportation
 i - a scroll of magic mapping
 j - 2 scrolls of silence
 m - a scroll of torment {unknown}
Potions
 a - 5 potions of curing
 b - a potion of ambrosia
 g - a potion of brilliance {unknown}
 k - 2 potions of cancellation
 n - 4 potions of attraction
 o - a potion of flight {unknown}
 q - 3 potions of mutation {unknown}
 r - a potion of resistance {unknown}


   Skills:
 + Level 5.5 Fighting
 + Level 7.8 Dodging
 + Level 9.7 Stealth
 + Level 7.1 Unarmed Combat
 - Level 6.0 Spellcasting
 - Level 4.0 Conjurations
 - Level 4.0 Hexes
 - Level 10.0 Ice Magic
 - Level 6.0 Invocations
 - Level 4.0 Evocations


You had 8 spell levels left.
You knew the following spells:

 Your Spells              Type           Power      Damage    Failure   Level
a - Freeze                Ice            100%       1d11      1%          1
b - Frozen Ramparts       Ice            100%       1d12      1%          3
c - Ozocubu's Armour      Ice            59%        N/A       1%          3
d - Hailstorm             Conj/Ice       47%        3d11      3%          4
e - Ensorcelled Hibernat  Hex/Ice        94%        N/A       1%          2

Your spell library contained the following spells:

 Spells                   Type           Power      Damage    Failure   Level
 Pain                     Necr           32%        1d5       6%          1
 Ice Form                 Ice/Tmut       36%        N/A       8%          4
 Passwall                 Tmut/Erth      6%         N/A       9%          2
 Swiftness                Air            8%         N/A       19%         3
 Vampiric Draining        Necr           8%         2d6       19%         3
 Leda's Liquefaction      Hex/Erth       9%         N/A       26%         4
 Olgreb's Toxic Radiance  Pois           8%         N/A       52%         4
 Ozocubu's Refrigeration  Ice            29%        4d10      63%         7
 Ignition                 Fire           4%         3d4       100%        8
 Tukima's Dance           Hex            Unusable   N/A       N/A         3
 Animate Skeleton         Necr           Unusable   N/A       N/A         1
 Portal Projectile        Hex/Tloc       Unusable   N/A       N/A         3
 Call Canine Familiar     Summ           Unusable   N/A       N/A         3
 Simulacrum               Ice/Necr       Unusable   N/A       N/A         6

Dungeon Overview and Level Annotations

Branches:
Dungeon (9/15)             Temple (0/1) D:6            Lair (0/6) D:8
    Orc: D:9-12

Altars:
Elyvilon
Gozag
Kikubaaqudgha
Okawaru
Uskayaw
Xom
Yredelemnul
Zin
The Shining One

Shops:
D:9 :


Innate Abilities, Weirdness & Mutations

You have sharp claws.
You have razor-sharp teeth.
You have supernaturally acute eyesight. (SInv)
You cover ground quickly. (Speed+)
You are covered in thick fur. (AC +2)
Your paws help you pounce on unaware monsters.
You are incapable of wielding weapons or throwing items.
You cannot wear armour.
You gain extra lives every three experience levels.


Message History

Casting: Freeze (safe; 1% risk of failure)
Confirm with . or Enter, or press ? or * to list all spells.
Casting: Hailstorm (dangerous; 3% risk of failure)
Press: ? - help, Dir - look around, f - activate A cannonade of hail descends around you!
The hail pelts the troll!
The troll is moderately wounded.
Unknown command.
Casting: Hailstorm (dangerous; 3% risk of failure)
Confirm with . or Enter, or press ? or * to list all spells.
Aiming: Ensorcelled Hibernation (safe; 1% risk of failure)
Press: ? - help, Shift-Dir - straight line, f - troll
Aim: a troll (moderately wounded, chance to affect: 71%)
The troll looks drowsy...
Unknown command.
You pounce on the unaware helpless troll!
You eviscerate the troll!!!
You kill the troll!
Okawaru accepts your kill.
Unknown command.
You start resting.
Magic restored.
You start resting.
A centaur comes into view.
It is wielding the +9 falchion "Bishoono" {venom, *Rage rF+ rCorr}.
Unknown command.
You closely miss the centaur.
The centaur shouts!
The centaur goes berserk!
The centaur hits you with the +9 falchion "Bishoono" {venom, *Rage rF+ rCorr}!!
The centaur closely misses you. x2; The centaur completely misses you.
You scratch the centaur. You bite the centaur.
The centaur is moderately wounded.
The centaur hits you with the +9 falchion "Bishoono" {venom, *Rage rF+ rCorr}!
* * * LOW HITPOINT WARNING * * *
You are lethally poisoned!
The centaur kicks you.
* * * LOW HITPOINT WARNING * * *
The centaur hits you with the +9 falchion "Bishoono" {venom, *Rage rF+ rCorr}!!
Ouch! That really hurt!
You die...

####'###########'###.# ###.
.##.#.## #)#.#.#.# ## .#..#).#
#.#.#.#.# .###(### #.c#..#.#
.#.)#..# #.#.#.#.# .##D#.##
#.#.#.#.## ####'## ###)###..# ##
#. ##c##..# .# (. ##@#.#..## ####
.#..c ##.####...###..# .##T. #.##
#.#..##.## ##:#. ##.## #.##....#
####
################'###.#.....###..#
##.....#..#.##⌠†..⌠#...###..##.##
.#.....#.)#.##..#..#...###.......
.'..#..'.#.#.'.###.#..........##.
.#.....##.#..#..#..#..........###


You could see a centaur (berserk).

Vanquished Creatures
  A fire dragon (D:9)
  Erica (D:8)
  3 centaur warriors (D:9)
  3 two-headed ogres
  A deep elf pyromancer (D:9)
  A manticore (D:8)
  3 kobold demonologists
  A troll (D:9)
  A raiju (shapeshifter) (D:9)
  A shadow (D:9)
  Sigmund (D:3)
  A wraith (D:9)
  Grum (D:8)
  12 yaks
  2 steam dragons (D:7)
  Menkaure (D:7)
  An acid dragon (D:9)
  4 water moccasins
  6 orc warriors
  2 sky beasts
  An ice beast (D:8)
  4 wolves (D:8)
  4 ogres
  3 necrophages
  5 centaurs
  3 kobold brigands
  2 bullfrogs
  A gnoll sergeant (D:9)
  A scorpion (D:5)
  12 killer bees
  8 wights
  2 howler monkeys
  5 centaur zombies (D:9)
  A bullfrog zombie (D:5)
  A gnoll shaman (D:7)
  2 orc priests
  A centaur skeleton (D:5)
  3 hounds
  3 iguanas
  2 jellies
  A bullfrog skeleton (D:4)
  Crazy Yiuf (D:3)
  5 orc wizards
  A killer bee zombie (D:9)
  A hound skeleton (D:4)
  A howler monkey zombie (D:7)
  Robin (D:3)
  4 gnolls (D:7)
  A howler monkey skeleton (D:6)
  5 adders
  2 white imps
  3 ufetubi
  An adder skeleton (D:5)
  An adder zombie (D:5)
  3 worms
  3 dart slugs (D:1)
  12 orcs
  5 bats
  2 bat zombies (D:5)
  4 endoplasms
  4 giant cockroaches
  16 goblins
  13 hobgoblins
  3 jackals (D:1)
  15 kobolds
  3 quokkas
  6 ball pythons
  11 frilled lizards
  6 rats
  2 rat zombies (D:5)
247 creatures vanquished.

Vanquished Creatures (others)
  A water moccasin (D:9)
  7 plants (D:5)
8 creatures vanquished.

Grand Total: 255 creatures vanquished

Notes
Turn   | Place    | Note
-------+----------+-------------------------------------------
     0 | D:1      | tilp the Felid Ice Elementalist began the quest for the
                  | Orb.
     0 | D:1      | Reached XP level 1. HP: 7/7 MP: 4/4
   331 | D:1      | Reached skill level 4 in Ice Magic
   441 | D:1      | Reached XP level 2. HP: 10/11 MP: 3/6
   550 | D:1      | Reached skill level 1 in Unarmed Combat
  1450 | D:1      | Reached XP level 3. HP: 14/14 MP: 4/7
  1455 | D:1      | Learned a level 3 spell: Frozen Ramparts
  1672 | D:1      | Identified a scroll of acquirement
  1672 | D:1      | Acquired the Unrestrained Analects
  1968 | D:2      | Found an iron altar of Okawaru.
  1977 | D:2      | Became a worshipper of Warmaster Okawaru
  2186 | D:2      | Found a faded altar of an unknown god.
  2307 | D:2      | Reached XP level 4. HP: 17/18 MP: 6/8
  2505 | D:2      | Reached skill level 1 in Fighting
  2614 | D:3      | Noticed Sigmund
  2648 | D:3      | Learned a level 3 spell: Ozocubu's Armour
  2968 | D:3      | Noticed Robin
  2978 | D:3      | Killed Robin
  3021 | D:3      | Found a glowing golden altar of the Shining One.
  3128 | D:3      | Found a glowing silver altar of Zin.
  3390 | D:3      | Found a runed translucent door.
  3391 | D:3      | Noticed Crazy Yiuf
  3630 | D:3      | Killed Sigmund
  3630 | D:3      | Reached * piety under Okawaru
  3631 | D:3      | Reached skill level 5 in Stealth
  3631 | D:3      | Reached XP level 5. HP: 21/22 MP: 1/9
  3631 | D:3      | Gained mutation: You are covered in thick fur. (AC +2)
                  | [Felid growth]
  3631 | D:3      | Reached XP level 6. HP: 25/26 MP: 1/10
  3807 | D:3      | Killed Crazy Yiuf
  4249 | D:4      | Found a white marble altar of Elyvilon.
  4297 | D:4      | Reached ** piety under Okawaru
  4326 | D:4      | HP: 1/23 [wight (9)]
  4326 | D:4      | Slain by a wight
  4327 | D:4      | Reached XP level 5. HP: 0/19 MP: 9/9
  4370 | D:4      | Upgraded the game from 0.28-a0-906-g0406aca7d3 to
                  | 0.28-a0-909-g796cbd3a86
  4664 | D:4      | Reached skill level 1 in Invocations
  4664 | D:4      | Reached XP level 6. HP: 15/26 MP: 10/10
  6159 | D:5      | Entered Level 5 of the Dungeon
  6189 | D:5      | Reached XP level 7. HP: 28/30 MP: 4/11
  6216 | D:5      | Found an iron altar of Okawaru.
  6443 | D:5      | Acquired the ring of Psychosis {rC- rN+ Int+7 Slay+6 SInv}
  6659 | D:5      | Reached skill level 5 in Ice Magic
  7069 | D:5      | Reached *** piety under Okawaru
  7228 | D:5      | Reached skill level 6 in Ice Magic
  7228 | D:5      | Reached XP level 8. HP: 33/33 MP: 6/13
  7395 | D:5      | Found an ancient bone altar of Kikubaaqudgha.
  7676 | D:6      | Learned a level 2 spell: Ensorcelled Hibernation
  7683 | D:6      | Found a staircase to the Ecumenical Temple.
  7871 | D:6      | Found an opulent altar of Gozag.
  7991 | D:6      | Found a hide-covered altar of Uskayaw.
  7994 | D:6      | Noticed a +0 dagger
  7995 | D:6      | Noticed a +0 hand axe
  8394 | D:7      | Reached skill level 5 in Dodging
  8649 | D:6      | Reached skill level 5 in Unarmed Combat
  8726 | D:7      | Reached **** piety under Okawaru
  8727 | D:7      | Reached XP level 9. HP: 31/39 MP: 11/14
  8933 | D:6      | Reached skill level 1 in Hexes
  8949 | D:6      | Learned a level 4 spell: Hailstorm
  9030 | D:7      | Reached skill level 1 in Conjurations
  9063 | D:7      | Noticed Menkaure
  9069 | D:7      | Found a shimmering altar of Xom.
  9456 | D:7      | Killed Menkaure
  9797 | D:7      | Reached skill level 7 in Ice Magic
  9923 | D:7      | Reached ***** piety under Okawaru
 10177 | D:8      | Reached skill level 5 in Spellcasting
 10410 | D:8      | Reached XP level 10. HP: 42/42 MP: 16/18
 10423 | D:8      | Noticed a two-headed ogre
 10521 | D:8      | Killed a two-headed ogre
 10522 | D:8      | Reached skill level 8 in Ice Magic
 10697 | D:8      | Found a basalt altar of Yredelemnul.
 10838 | D:8      | Noticed Grum
 10845 | D:8      | Killed Grum
 10846 | D:8      | Reached skill level 5 in Invocations
 10997 | D:8      | Noticed Erica
 11013 | D:8      | HP: 1/42 [Erica/bolt of poison (17)]
 11014 | D:8      | Succumbed to Erica's bolt of poison
 11015 | D:8      | Reached XP level 9. HP: -2/39 MP: 17/17
 11030 | D:8      | Noticed a manticore
 11034 | D:8      | Killed a manticore
 11121 | D:8      | Found a staircase to the Lair.
 11346 | D:8      | Killed Erica
 11347 | D:8      | Reached XP level 10. HP: 42/42 MP: 12/19
 11459 | D:9      | Reached ****** piety under Okawaru
 11702 | D:9      | Noticed a sun demon
 12202 | D:9      | Found Syacub's Book Boutique.
 12456 | D:9      | Reached skill level 9 in Ice Magic
 13509 | D:9      | Noticed a two-headed ogre
 13519 | D:9      | Killed a two-headed ogre
 13658 | D:9      | Reached skill level 10 in Ice Magic
 13739 | D:9      | Reached XP level 11. HP: 40/46 MP: 21/21
 13795 | D:9      | Noticed a centaur warrior
 13796 | D:9      | Noticed a two-headed ogre
 13827 | D:9      | Killed a two-headed ogre
 14078 | D:9      | Killed a centaur warrior
 14164 | D:9      | Noticed a centaur warrior
 14167 | D:9      | Noticed a centaur warrior
 14173 | D:9      | Shot with an arrow by a centaur warrior
 14174 | D:9      | Reached XP level 10. HP: -12/43 MP: 20/20
 14257 | D:9      | Killed a centaur warrior
 14274 | D:9      | Reached skill level 5 in Fighting
 14291 | D:9      | Identified the amulet "Gofiricvei" {RegenMP rCorr Str+3
                  | Dex+3}
 14293 | D:9      | Noticed a deep elf pyromancer
 14293 | D:9      | Noticed a centaur warrior
 14302 | D:9      | Killed a deep elf pyromancer
 14315 | D:9      | Killed a centaur warrior
 14316 | D:9      | Noticed a fire dragon
 14859 | D:9      | Killed a fire dragon
 15060 | D:9      | Identified the +9 falchion "Bishoono" {venom, *Rage rF+
                  | rCorr}
 15062 | D:9      | Annihilated by a centaur

Illustrated notes

Levels and vault maps discovered:
D:1:      erik_arrival_cave_to_civilisation [erik_arrival_cave_to_hall],
          layout_loops_ring, minmay_box_of_dots
D:2:      layout_rooms, basic_altar, ebering_ecumenical_altar_sacrificial,
          grunt_decor_junction, due_unseen_surprise
D:3:      layout_rooms, lemuel_round_altar, tso_metal_star, uniq_robin,
          uniq_crazy_yiuf_cottage, uniq_sigmund
D:4:      layout_basic, mainiacjoe_overflow_surrounded_room
D:5:      layout_loops_ring, lemuel_zombie_altar_kikubaaqudgha,
          okawaru_ov_weapons_minmay, chequers_avenue, minmay_lizard_king
D:6:      layout_basic, dancing_weapons_uskayaw, nicolae_gozag_seed_capital,
          minmay_temple_entry_statues_pillars
D:7:      layout_loops_cross, kennysheep_little_box, st_stairs_7,
          minmay_misc_feat_x, uniq_menkaure
D:8:      layout_loops_ring, mainiacjoe_overflow_24_doors, lair_entry_dummy,
          grunt_ministairs_9, uniq_erica, uniq_grum
D:9:      minmay_the_grid_square_5x5_4x4 [minmay_the_grid_square_5x5_longway,
          minmay_the_grid_square_5x5_pentomino_r, minmay_the_grid_square_5x5_c,
          minmay_the_grid_square_5x5_v, minmay_the_grid_square_5x5_inset,
          minmay_the_grid_square_5x5_prize_snowflake,
          minmay_the_grid_square_5x5_prize_itemx,
          minmay_the_grid_square_5x5_one_wall, minmay_the_grid_square_5x5_three,
          minmay_the_grid_square_5x5_prize_monsterx,
          minmay_the_grid_square_5x5_prize_open,
          minmay_the_grid_square_5x5_doubleslash,
          minmay_the_grid_square_5x5_broken_cross,
          minmay_the_grid_square_5x5_comb, minmay_the_grid_square_5x5_minimal,
          minmay_the_grid_square_5x5_shrine2], layout_layer_cave, serial_shops,
          shop

Skill      XL: |  1  2  3  4  5  6  7  8  9 10 |
---------------+-------------------------------+-----
Ice Magic      | 4 6 7 10 | 10.0
Unarmed Combat | 2 3 4 5 6 7 |  7.1
Dodging        | 3 4 6 7 |  7.8
Stealth        | 3 5 6 8 9 |  9.7
Fighting       | 2 4 5 |  5.5
Invocations    | 1 4 6 5 |  6.0
Spellcasting   | 3 5 6 |  6.0
Hexes          | 4 |  4.0
Conjurations   | 3 4 |  4.0
Evocations     | 4 3 |  4.0

Action                   |  1- 3 |  4- 6 |  7- 9 | 10-12 || total
-------------------------+-------+-------+-------+-------++-------
Melee: Unarmed           |    32 |   108 |   195 |    97 ||   432
       Bite              |     1 |     8 |    12 |    13 ||    34
       Punch             |       |     5 |     5 |     1 ||    11
 Cast: Freeze            |    52 |    18 |     4 |     6 ||    80
       Frozen Ramparts   |     2 |    20 |    22 |    11 ||    55
       Ozocubu's Armour  |       |    16 |    23 |    17 ||    56
       Ensorcelled Hiber |       |       |    22 |    39 ||    61
       Hailstorm         |       |       |     2 |    21 ||    23
Invok: Heroism           |       |     5 |     6 |     6 ||    17
Evoke: Wand              |       |     1 |     5 |    18 ||    24
  Use: Scroll            |     4 |    10 |     7 |     1 ||    22
       Potion            |       |     2 |     4 |     1 ||     7
 Stab: Sleeping          |     7 |    12 |    19 |    26 ||    64
       Distracted        |       |       |     1 |     1 ||     2
Armor: Skin              |     5 |     7 |    24 |    29 ||    65
Dodge: Dodged            |    62 |    80 |   143 |   121 ||   406

Table legend: (Time is in decaauts)
 A = Elapsed time spent in this place.
 B = Non-inter-level travel time spent in this place.
 C = Inter-level travel time spent in this place.
 D = Time resting spent in this place.
 E = Time spent auto-exploring this place.
 F = Levels seen in this place.
 G = Mean time per level.
                   A        B        C        D        E       F      G
               +--------+--------+--------+--------+--------+-----+--------+
         Total |  13512 |  13070 |    442 |   3177 |   7932 |   9 | 1501.3 |
       Dungeon |  13512 |  13070 |    442 |   3177 |   7932 |   9 | 1501.3 |
               +--------+--------+--------+--------+--------+-----+--------+

Top non-repeatable levels by time:
     D:9: 2688 daAuts
     D:8: 1732 daAuts
     D:4: 1636 daAuts
     D:1: 1535 daAuts
     D:3: 1529 daAuts
     D:7: 1426 daAuts
     D:5: 1408 daAuts
     D:2: 836 daAuts
     D:6: 718 daAuts
